Map: Mech-Depot LE

Players

Funkjoker

  • Race: Protoss Protoss
  • League: Diamond
  • Spawn Location: 1:00

Panda - Winner!

  • Race: Zerg Zerg
  • League: Platinum
  • Spawn Location: 7:00

VOD

Have the link to the VOD?

Description

Time

  • Played on: Aug. 30, 2017, 6:19 a.m.
  • Length: 5:16
Show
View Real Time Build Order
Export as new Build Order

Funkjoker Protoss 

Build Orders:  

Get SALT Encoding   

  12  0:02  Probe (Chrono Boost)  
  13  0:12  Probe (Chrono Boost)  
  14  0:23  Pylon  
  14  0:27  Probe (Chrono Boost)  
  15  0:42  Probe (Chrono Boost)  
  16  0:52  Probe (Chrono Boost)  
  17  1:03  Probe (Chrono Boost)  
  18  1:13  Probe (Chrono Boost)  
  18  1:17  Nexus  
  19  1:27  Gateway  
  19  1:34  Pylon  
  19  1:44  Probe (Chrono Boost)  
  20  1:55  Forge  
  20  2:02  Gateway  
  20  2:07  Probe (Chrono Boost)  
  21  2:10  Assimilator  
  21  2:13  Assimilator  
  21  2:18  Cybernetics Core  
  21  2:22  Zealot  
  23  2:32  Photon Cannon  
  23  2:37  Probe (Chrono Boost)  
  23  2:38  Probe (Chrono Boost)  
  25  2:48  Probe (Chrono Boost)  
  25  2:49  Pylon  
  26  2:58  Probe (Chrono Boost)  
  27  3:00  Probe (Chrono Boost)  
  27  3:01  Warp Gate (Chrono Boost)  
  28  3:08  Probe (Chrono Boost)  
  28  3:10  Probe (Chrono Boost)  
  30  3:19  Assimilator, Mothership Core  
  32  3:22  Probe, Assimilator  
  33  3:30  Stalker  
  35  3:35  Stalker  
  35  3:37  Probe  
  38  3:48  Probe  
  39  3:53  Probe  
  39  3:54  Robotics Facility  
  40  4:00  Probe  
  41  4:10  Stalker x2  
  41  4:15  Probe  
  45  4:17  Probe  
  47  4:26  Gateway x2  
  47  4:27  Gateway  
  47  4:28  Probe  
  48  4:36  Probe  
  43  4:56  Stalker x2  
  37  5:08  Pylon  
  37  5:11  Pylon  
Show
View Real Time Build Order
Export as new Build Order

Panda Zerg - Winner!

Build Orders: Pool First 

Get SALT Encoding   

  12  0:01  Drone  
  13  0:12  Overlord  
  13  0:19  Drone  
  14  0:31  Drone x2  
  14  0:35  Drone  
  17  0:45  Extractor  
  17  0:46  Drone  
  17  0:51  Spawning Pool  
  17  0:55  Drone  
  17  1:18  Hatchery  
  16  1:24  Drone  
  16  1:25  Drone  
  18  1:29  Drone  
  19  1:41  Queen  
  21  1:47  Metabolic Boost  
  21  1:52  Drone  
  22  2:05  Roach Warren  
  22  2:07  Zergling x2  
  22  2:11  Overlord  
  22  2:17  Overlord  
  22  2:36  Overlord  
  22  2:50  Roach  
  22  2:51  Roach x2  
  28  2:52  Roach x2  
  32  3:04  Roach  
  32  3:05  Roach x2  
  37  3:16  Roach  
  37  3:18  Zergling x6  
  42  3:28  Roach  
  44  3:35  Zergling x2  
  44  3:36  Zergling x6  
  48  3:44  Zergling x2  
  48  3:45  Zergling x2  
  48  3:47  Zergling x2  
  51  3:55  Overlord  
  51  4:17  Ravager  
  51  4:19  Zergling x12  
  58  4:25  Ravager  
  50  4:53  Zergling x12  
  50  4:59  Ravager  
Tags
 
Matchup
PvZ
Opening
Pool First
Replay Pack
replays1
Spawn Locations
Cross Positions
Add a new tag
Caveats
  • Supply blocks, unpowered buildings, or Contaminate may cause inaccurate times.
  • Supply counts are checked every 10 seconds.